Map: Hardwire LE

Players

gumiho

  • Race: Terran Terran

Serral - Winner!

  • Race: Zerg Zerg
  • League: Master

Event: DreamHack SC2 Masters Last Chance 2022

VOD

Have the link to the VOD?

Description

Time

  • Played on: Dec. 17, 2021, 12:21 p.m.
  • Length: 9:11

All games in this series

Show
View Real Time Build Order
Export as new Build Order

gumiho Terran 

Build Orders: Reaper Expand 

Get SALT Encoding   

  12  0:00  SCV  
  13  0:12  SCV  
  14  0:17  Supply Depot  
  14  0:24  SCV  
  15  0:38  SCV  
  15  0:40  Barracks  
  16  0:43  Refinery  
  16  0:50  SCV  
  17  1:02  SCV  
  18  1:15  SCV  
  19  1:27  Reaper, Orbital Command  
  20  1:40  Command Center  
  20  1:49  Supply Depot  
  20  1:53  SCV  
  21  1:59  Marine  
  22  2:05  SCV  
  23  2:12  Factory  
  23  2:17  SCV, Marine  
  25  2:24  Bunker  
  25  2:29  SCV  
  26  2:35  Barracks Reactor  
  26  2:41  SCV  
  27  2:49  Command Center  
  27  2:54  SCV  
  28  2:59  Orbital Command  
  28  3:06  SCV  
  28  3:10  Starport  
  29  3:19  Hellion  
  31  3:21  Hellion, SCV  
  31  3:24  Barracks Tech Lab  
  34  3:28  SCV  
  34  3:33  SCV  
  36  3:41  SCV  
  37  3:43  Hellion x2  
  37  3:45  SCV  
  37  3:47  Viking  
  44  3:53  SCV  
  44  3:54  Refinery  
  45  3:58  SCV  
  45  4:01  Orbital Command  
  46  4:06  Hellion x2  
  46  4:08  SCV  
  51  4:10  SCV  
  51  4:12  Stimpack  
  52  4:19  Supply Depot  
  52  4:20  SCV  
  52  4:22  SCV  
  54  4:26  SCV  
  54  4:28  Hellion x2  
  54  4:30  Starport Tech Lab  
  54  4:32  SCV  
  54  4:34  SCV  
  56  4:41  Supply Depot  
  56  4:43  Orbital Command  
  56  4:45  Barracks x2  
  56  4:50  SCV, Engineering Bay  
  56  4:51  SCV  
  58  4:52  Engineering Bay  
  58  4:54  Hellion  
  58  4:55  Hellion  
  58  4:58  Starport Reactor  
  62  5:03  SCV x2  
  62  5:06  Marine  
  65  5:08  Refinery  
  65  5:16  SCV  
  65  5:17  SCV x2  
  65  5:18  Hellion  
  65  5:19  Hellion  
  64  5:24  Marine  
  64  5:25  Supply Depot  
  64  5:26  Terran Infantry Weapons Level 1, Terran Infantry Armor Level 1  
  65  5:29  Armory  
  65  5:32  Refinery  
  65  5:33  Barracks Reactor  
  65  5:37  SCV x2  
  65  5:39  SCV  
  65  5:40  Hellion x2  
  72  5:45  Barracks Reactor, Marine  
  72  5:49  SCV x2  
  75  5:52  SCV, Medivac  
  78  5:59  Refinery  
  78  6:00  Barracks  
  78  6:01  SCV x2  
  78  6:03  Combat Shield, Marine, Barracks  
  78  6:04  SCV  
  82  6:09  Supply Depot  
  82  6:10  Supply Depot  
  82  6:13  SCV x2  
  82  6:15  Marine  
  82  6:18  Supply Depot  
  85  6:21  SCV, Marine x2  
  85  6:23  Marine x2  
  90  6:26  SCV  
  90  6:27  SCV  
  92  6:33  SCV, Marine  
  92  6:38  SCV  
  92  6:39  Marine x2  
  97  6:41  Marine x2  
  97  6:44  Widow Mine x2, Medivac x2  
  107  6:50  Supply Depot, Marine  
  107  6:51  Supply Depot  
  107  6:53  Barracks Reactor x2, Barracks  
  108  6:55  Barracks  
  108  6:56  Marine  
  108  6:57  Marine  
  108  6:58  SCV x3  
  108  6:59  Marine  
  108  7:00  Barracks  
  108  7:01  Marine  
  115  7:08  Marine  
  115  7:12  Widow Mine x2  
  118  7:20  Marine x4  
  118  7:21  Medivac x2  
  120  7:26  Command Center  
  120  7:27  Supply Depot  
  120  7:28  Supply Depot  
  120  7:42  SCV x2  
  122  7:45  Barracks Tech Lab x2  
  122  7:52  SCV  
  122  7:54  SCV x2  
  122  7:57  Marauder  
  122  7:58  Marauder  
  129  7:59  Marine x3  
  129  8:00  Marine x2  
  129  8:05  SCV  
  124  8:12  Marine x2  
  124  8:13  Marauder, Marine x2  
  124  8:16  Marine  
  129  8:23  Marauder, Marine x5  
  129  8:25  Medivac x2  
  129  8:26  Widow Mine x2  
  136  8:27  Missile Turret  
  136  8:28  Missile Turret  
  136  8:30  Marine x3  
  136  8:32  Marauder  
  136  8:33  Marine  
  134  8:34  Marine  
  134  8:40  Marine  
  134  8:41  Marauder, Marine x3  
  137  8:44  Marauder  
  137  8:48  Marine x3  
  144  8:51  Marine  
  144  8:52  Marine  
Show
View Real Time Build Order
Export as new Build Order

Serral Zerg - Winner!

Build Orders: Pool First 

Get SALT Encoding   

  12  0:00  Drone  
  13  0:12  Overlord  
  13  0:16  Drone  
  14  0:30  Drone x2  
  16  0:40  Spawning Pool  
  15  0:44  Drone  
  15  0:47  Drone  
  17  1:07  Hatchery  
  17  1:10  Drone  
  17  1:27  Zergling x6  
  17  1:29  Queen  
  17  1:31  Extractor  
  21  1:38  Overlord  
  21  1:50  Drone  
  22  2:00  Drone  
  23  2:05  Queen  
  25  2:11  Drone  
  26  2:19  Drone, Queen  
  26  2:22  Drone  
  30  2:30  Drone  
  30  2:32  Drone  
  30  2:33  Metabolic Boost  
  32  2:37  Drone x2  
  32  2:39  Drone  
  32  2:43  Drone  
  36  2:48  Overlord  
  36  3:02  Hatchery  
  36  3:04  Drone  
  36  3:08  Overlord  
  36  3:12  Drone x2  
  38  3:15  Drone  
  38  3:16  Drone  
  40  3:20  Drone x2  
  40  3:23  Drone  
  40  3:24  Drone  
  43  3:30  Queen  
  45  3:36  Queen  
  45  3:40  Drone x2  
  49  3:44  Overlord  
  49  3:49  Zergling x6  
  52  3:56  Overlord  
  52  4:05  Drone x6  
  52  4:08  Drone  
  59  4:13  Queen  
  59  4:14  Queen  
  59  4:16  Overlord  
  63  4:23  Drone x4  
  67  4:27  Overlord  
  67  4:29  Lair  
  67  4:31  Zergling x2  
  67  4:32  Drone  
  68  4:40  Zergling x4  
  68  4:41  Extractor  
  68  4:42  Drone  
  68  4:43  Baneling Nest  
  69  4:46  Zergling x2  
  69  4:49  Drone x6  
  76  4:56  Drone x2, Spore Crawler  
  76  4:57  Spore Crawler  
  76  4:59  Zergling x2  
  77  5:00  Drone  
  77  5:01  Drone x2  
  77  5:05  Extractor  
  77  5:06  Drone x2, Extractor  
  77  5:15  Drone  
  77  5:16  Drone x2  
  78  5:22  Drone  
  78  5:23  Drone x3  
  78  5:24  Overlord  
  78  5:25  Overlord  
  78  5:26  Centrifugal Hooks  
  82  5:35  Drone x2, Evolution Chamber x2  
  82  5:38  Spore Crawler  
  82  5:40  Overseer  
  82  5:42  Hatchery  
  80  5:44  Drone x2  
  80  5:48  Extractor  
  80  5:49  Extractor  
  79  5:52  Spire, Evolution Chamber  
  79  5:53  Zergling x2  
  79  5:57  Drone x3  
  79  6:02  Drone x3  
  85  6:06  Drone x3  
  88  6:11  Overlord x2  
  88  6:13  Zergling x8  
  92  6:18  Zerg Melee Weapons Level 1  
  92  6:19  Zerg Ground Armor Level 1  
  92  6:23  Overlord  
  92  6:24  Overlord  
  92  6:30  Zergling x10  
  97  6:35  Baneling x8  
  97  6:40  Zergling x10  
  102  6:51  Overlord  
  96  7:19  Mutalisk  
  96  7:20  Mutalisk x8  
  96  7:21  Zergling x2  
  96  7:22  Zergling x18  
  120  7:25  Baneling x8  
  120  7:27  Overlord  
  120  7:28  Zergling x10  
  120  7:29  Zergling x4  
  127  7:30  Overlord  
  127  7:31  Zergling x2  
  127  7:32  Zergling x2  
  127  7:33  Baneling x5  
  129  7:41  Zergling x6  
  132  7:50  Zergling x6  
  135  7:53  Overseer  
  135  7:56  Baneling  
  135  7:57  Baneling x6, Zergling x22  
  146  8:03  Zergling x4  
  144  8:06  Zergling x8  
  144  8:10  Zergling x6  
  148  8:21  Zergling x8  
  145  8:27  Zergling x2  
  145  8:28  Zergling x12  
  145  8:29  Overlord x3  
  145  8:33  Overlord  
  151  8:34  Baneling  
  151  8:35  Baneling x18  
  151  8:36  Baneling  

Tags
 
Add a new tag
Caveats
  • Supply blocks, unpowered buildings, or Contaminate may cause inaccurate times.
  • Supply counts are checked every 10 seconds.